 Dungeon Crawl Stone Soup version 0.21.0-36-ge3e1d5aaab (webtiles) character file.

305 Gargoyl the Skirmisher (level 6, -1/55 HPs)
             Began as a Centaur Abyssal Knight on Jan 30, 2018.
             Was a Believer of Lugonu.
             Slain by an orc
             ... wielding a +0 war axe
              (6 damage)
             ... on level 3 of the Dungeon.
             The game lasted 00:06:22 (2714 turns).

Gargoyl the Skirmisher (Centaur Abyssal Knight)     Turns: 2714, Time: 00:06:23

Health: -1/55      AC:  9    Str: 14    XL:     6   Next: 16%
Magic:  8/8        EV: 13    Int: 11    God:    Lugonu [**....]
Gold:   84         SH:  0    Dex: 16    Spells: 5/5 levels left

rFire    . . .     SeeInvis .   a - +1 hand axe
rCold    . . .     Gourm    .   (no shield)
rNeg     . . .     Faith    .   n - +0 ring mail
rPois    .         Spirit   .   p - +0 helmet
rElec    .         Reflect  .   j - +0 cloak
rCorr    .         Harm     .   g - +0 pair of gloves
MR       .....                  (no barding)
Stlth    +.........             q - amulet of magic regeneration
HPRegen  0.18/turn              (no ring)
MPRegen  0.36/turn              (no ring)

@: agile, hasted, very quick
A: large, hooves 3, deformed body, speed 2, tough skin 3
a: Depart the Abyss, Bend Space, Renounce Religion


You were on level 3 of the Dungeon.
You worshipped Lugonu.
Lugonu was pleased with you.
You were not hungry.

You visited 1 branch of the dungeon, and saw 3 of its levels.
You visited the Abyss 1 time.

You collected 84 gold pieces.

Inventory:

Hand Weapons
 a - a +1 hand axe (weapon)
Missiles
 d - 3 tomahawks (quivered)
Armour
 g - a +0 pair of gloves (worn)
 j - a +0 cloak (worn)
 n - a +0 ring mail (worn)
 p - a +0 helmet (worn)
Jewellery
 q - an amulet of magic regeneration (around neck)
Wands
 e - a wand of iceblast (2)
 f - a wand of digging (5)
Scrolls
 b - a scroll of remove curse
 k - 2 scrolls of teleportation
Potions
 i - a potion of flight
Comestibles
 c - 6 rations
 h - 5 chunks of flesh


   Skills:
 + Level 4.8 Fighting
 + Level 3.1 Axes
 + Level 0.1 Throwing
 * Level 2.2 Armour
 + Level 0.8 Dodging
 * Level 3.6 Invocations
 + Level 0.3 Evocations


You had 5 spell levels left.
You didn't know any spells.

Dungeon Overview and Level Annotations

Branches:
Dungeon (3/15)

Altars:


Innate Abilities, Weirdness & Mutations

You have hooves in place of feet.
Armour fits poorly on your strangely shaped body.
You cover ground very quickly.
You have extremely tough skin. (AC +3)


Message History

You kill the goblin!
Lugonu accepts your kill.
Your ring mail prevents you from hitting the orc.
You hit the worm but do no damage. You closely miss the orc.
The orc hits you with a dagger.
* * * LOW HITPOINT WARNING * * *
The orc priest barely misses you. The orc hits you with a war axe.
* * * LOW HITPOINT WARNING * * *
You feel better. The worm bites you but does no damage.
The orc closely misses you.
The orc priest hits you but does no damage.
It was a potion of haste.
You feel yourself speed up. The orc hits you but does no damage.
The orc barely misses you. The orc priest hits you.
* * * LOW HITPOINT WARNING * * *
The worm bites you but does no damage.
It was a potion of agility.
You feel agile all of a sudden. The orc hits you with a war axe.
You die...

#.. #..
#.. #.. #
..#####.##
.........
#†o....#
#@o#
#.....o.w#
########.#
.# .. ..#
..# ..#


You could see a worm, an orc priest and 2 orcs.

Vanquished Creatures
  A neqoxec (Abyss:2)
  An orc priest (D:2)
  An iguana (D:2)
  An orc wizard (D:2)
  Robin (D:2)
  2 adders (D:2)
  An ooze (D:1)
  2 worms (D:2)
  A dart slug (D:1)
  3 orcs
  5 bats
  2 giant cockroaches (D:2)
  15 goblins
  4 hobgoblins
  A quokka (D:2)
  4 ball pythons (D:2)
  3 frilled lizards
  9 kobolds
  3 rats
60 creatures vanquished.

Notes
Turn   | Place    | Note
-------+----------+-------------------------------------------
     0 | Abyss:1  | Gargoyl the Centaur Abyssal Knight began the quest for the Orb.
     0 | Abyss:1  | Reached XP level 1. HP: 19/19 MP: 2/2
   103 | Abyss:1  | Noticed a smoke demon
   163 | Abyss:2  | Noticed a red devil
   168 | Abyss:2  | Noticed a balrug
   200 | Abyss:2  | Noticed a wizard
   207 | Abyss:2  | Noticed a smoke demon
   210 | Abyss:2  | Noticed a spatial vortex
   266 | Abyss:2  | Noticed a neqoxec
   268 | Abyss:2  | Noticed a thrashing horror
   269 | Abyss:2  | Killed a neqoxec
   269 | Abyss:2  | Reached skill level 4 in Fighting
   269 | Abyss:2  | Reached XP level 2. HP: 28/28 MP: 3/3
   269 | Abyss:2  | Reached XP level 3. HP: 34/34 MP: 4/4
   269 | Abyss:2  | Reached XP level 4. HP: 41/41 MP: 5/5
   270 | D:1      | Escaped the Abyss
   596 | D:1      | Reached XP level 5. HP: 42/47 MP: 6/6
   630 | D:1      | Reached * piety under Lugonu
  1584 | D:2      | Noticed Robin
  1622 | D:2      | Killed Robin
  1667 | D:2      | Reached ** piety under Lugonu
  2180 | D:2      | Found a faded altar of an unknown god.
  2404 | D:2      | Reached XP level 6. HP: 13/55 MP: 8/8
  2714 | D:3      | Slain by an orc

Skill      XL: |  1  2  3  4  5 |
---------------+----------------+-----
Fighting       | 4 |  4.8
Axes           | 2 3 |  3.1
Armour         | 2 |  2.2
Invocations    | 3 |  3.6
Throwing       | |  0.1
Dodging        | |  0.8
Evocations     | |  0.3

Action                   |  1- 3 |  4- 6 || total
-------------------------+-------+-------++-------
Melee: Hand axe          |       |   167 ||   167
       Kick              |       |    25 ||    25
Throw: Tomahawk          |       |     5 ||     5
Invok: Depart the Abyss  |       |     1 ||     1
Evoke: Wand              |     3 |     3 ||     6
  Use: Scroll            |     2 |     5 ||     7
       Potion            |       |     4 ||     4
  Eat: Chunk             |       |     4 ||     4
Armor: Leather armour    |       |    64 ||    64
       Ring mail         |       |    27 ||    27
Dodge: Dodged            |       |    86 ||    86
